AAA EAST
IOWA CUBS @ LOUISVILLE BATS
07/12/2041
 
TOP OF THE 1ST
Iowa Cubs batting - Pitching for Louisville Bats : RHP Lynwood Rogers
Pitching: RHP Lynwood Rogers
Batting: RHB Donmaz Chavchavadze 0-0: Ball
1-0: Ball
2-0: Called Strike
2-1: Ball
3-1: Swinging Strike
3-2: Strikes out swinging
Batting: RHB Víctor Aquino 0-0: Swinging Strike
0-1: Fly out, F8 (Flyball, 89D, EV 82.5 MPH)
Batting: LHB Joe Walter 0-0: Foul Ball, location: 2F
0-1: Foul Ball, location: 2F
0-2: Ball
1-2: Ball
2-2: Ground out 1-3 (Groundball, 13S, EV 73.1 MPH)
Top of the 1st over - 0 runs, 0 hits, 0 errors, 0 left on base; Iowa 0 - Louisville 0
BOTTOM OF THE 1ST
Louisville Bats batting - Pitching for Iowa Cubs : RHP Sergio Galván
Pitching: RHP Sergio Galván
Batting: RHB Mauro Navarro 0-0: Ball
1-0: SINGLE (Line Drive, 3L, EV 96.3 MPH)
Batting: RHB Itocravo Affra 0-0: Bunted foul
0-1: Sac Bunt to 25 - play at first, batter OUT! 5-3
Mauro Navarro to second
Batting: LHB Raúl Campos 0-0: Called Strike
Mauro Navarro steals 3rd base
0-1: Ball
1-1: Ball
2-1: Foul Ball, location: 2F
2-2: Foul Ball, location: 5FF
2-2: Strikes out looking
Batting: RHB Eric Brooks 0-0: Foul Ball, location: 25F
0-1: Ball
1-1: Ball
2-1: Ball
3-1: Ground out 5-3 (Groundball, 5L, EV 77.5 MPH)
Bottom of the 1st over - 0 runs, 1 hit, 0 errors, 1 left on base; Iowa 0 - Louisville 0
TOP OF THE 2ND
Iowa Cubs batting - Pitching for Louisville Bats : RHP Lynwood Rogers
Batting: RHB José Féliz 0-0: Ball
1-0: Called Strike
1-1: Swinging Strike
1-2: SINGLE (Groundball, 34D, EV 96.9 MPH)
Batting: LHB Raúl Soto 0-0: Ball
1-0: Ball
2-0: Ball
3-0: Base on Balls
José Féliz to second
Batting: RHB Tony Aguirre 0-0: Called Strike
0-1: Foul Ball, location: 25FF
0-2: Fly out, F8 (Flyball, 8LD, EV 107.5 MPH)
Batting: RHB Jimmy Shaw 0-0: Ball
1-0: Called Strike
1-1: Grounds into double play, 5-4-3 (Groundball, 56, EV 106.9 MPH)
Top of the 2nd over - 0 runs, 1 hit, 0 errors, 1 left on base; Iowa 0 - Louisville 0
BOTTOM OF THE 2ND
Louisville Bats batting - Pitching for Iowa Cubs : RHP Sergio Galván
Batting: RHB José Cherino 0-0: Ball
1-0: Ball
2-0: Ball
3-0: Called Strike
3-1: Swinging Strike
3-2: Strikes out swinging
Batting: LHB António Ceras 0-0: Called Strike
0-1: Foul Ball, location: 2F
0-2: Ball
1-2: Ball
2-2: Ground out 4-3 (Groundball, 4, EV 86.9 MPH)
Batting: RHB Kurt Warren 0-0: Ground out 5-3 (Groundball, 5S, EV 65.0 MPH)
Bottom of the 2nd over - 0 runs, 0 hits, 0 errors, 0 left on base; Iowa 0 - Louisville 0
TOP OF THE 3RD
Iowa Cubs batting - Pitching for Louisville Bats : RHP Lynwood Rogers
Batting: RHB Charlie Roe 0-0: Called Strike
0-1: Ball
1-1: Fly out, F5 (Popup, 5D, EV 51.3 MPH)
Batting: RHB Wilson Díaz 0-0: Foul Ball, location: 2F
0-1: Ball
1-1: Ground out 5-3 (Groundball, 5S, EV 94.4 MPH)
Batting: RHB Donmaz Chavchavadze 0-0: Foul Ball, location: 3F
0-1: Ball
1-1: Ball
2-1: Fly out, F1 (Line Drive, P, EV 73.1 MPH)
Top of the 3rd over - 0 runs, 0 hits, 0 errors, 0 left on base; Iowa 0 - Louisville 0
BOTTOM OF THE 3RD
Louisville Bats batting - Pitching for Iowa Cubs : RHP Sergio Galván
Batting: RHB Dan Payne 0-0: Called Strike
0-1: Fly out, F7 (Line Drive, 7S, EV 92.5 MPH)
Batting: RHB Mike Stevenson 0-0: Foul Ball, location: 2RF
0-1: Ball
1-1: Called Strike
1-2: Ball
2-2: Strikes out swinging
Batting: RHB Mauro Navarro 0-0: Swinging Strike
0-1: Ball
1-1: Swinging Strike
1-2: Ground out 4-3 (Groundball, 4, EV 75.6 MPH)
Bottom of the 3rd over - 0 runs, 0 hits, 0 errors, 0 left on base; Iowa 0 - Louisville 0
TOP OF THE 4TH
Iowa Cubs batting - Pitching for Louisville Bats : RHP Lynwood Rogers
Batting: RHB Víctor Aquino 0-0: Called Strike
0-1: Ball
1-1: Ball
2-1: Ball
3-1: Ground out 6-3 (Groundball, 6, EV 102.5 MPH)
Batting: LHB Joe Walter 0-0: Ball
1-0: SINGLE (Groundball, 4D, EV 103.1 MPH)
Batting: RHB José Féliz 0-0: Ball
1-0: Ball
2-0: Foul Ball, location: 2RF
2-1: Foul Ball, location: 9LMF
2-2: Fly out, F8 (Flyball, 8LM, EV 98.8 MPH)
Batting: LHB Raúl Soto 0-0: Swinging Strike
0-1: Ball
1-1: Foul Ball, location: 7LMF
1-2: Foul Ball, location: 7LSF
1-2: Foul Ball, location: 2F
1-2: Strikes out swinging
Top of the 4th over - 0 runs, 1 hit, 0 errors, 1 left on base; Iowa 0 - Louisville 0
BOTTOM OF THE 4TH
Louisville Bats batting - Pitching for Iowa Cubs : RHP Sergio Galván
Batting: RHB Itocravo Affra 0-0: Ball
1-0: Foul Ball, location: 25F
1-1: Called Strike
1-2: Ball
2-2: Ground out U3 (Groundball, 3S, EV 80.6 MPH)
Batting: LHB Raúl Campos 0-0: Called Strike
0-1: Ball
1-1: Foul Ball, location: 7LMF
1-2: Foul Ball, location: 9LDF
1-2: Foul Ball, location: 3F
1-2: Ball
2-2: Ball
3-2: Fly out, F8 (Flyball, 8LM, EV 92.5 MPH)
Batting: RHB Eric Brooks 0-0: Ball
1-0: Called Strike
1-1: Swinging Strike
1-2: SINGLE (Groundball, 6, EV 103.8 MPH)
Batting: RHB José Cherino 0-0: Called Strike
0-1: Swinging Strike
0-2: Strikes out swinging
Bottom of the 4th over - 0 runs, 1 hit, 0 errors, 1 left on base; Iowa 0 - Louisville 0
TOP OF THE 5TH
Iowa Cubs batting - Pitching for Louisville Bats : RHP Lynwood Rogers
Batting: RHB Tony Aguirre 0-0: Ball
1-0: Ball
2-0: Foul Ball, location: 2F
2-1: Called Strike
2-2: Foul Ball, location: 2F
2-2: Foul Ball, location: 2F
2-2: Ball
3-2: Base on Balls
Batting: RHB Jimmy Shaw 0-0: Ball
1-0: Called Strike
1-1: Grounds into double play, 5-4-3 (Groundball, 5S, EV 91.3 MPH)
Batting: RHB Charlie Roe 0-0: Called Strike
0-1: Swinging Strike
0-2: Strikes out swinging
Top of the 5th over - 0 runs, 0 hits, 0 errors, 0 left on base; Iowa 0 - Louisville 0
BOTTOM OF THE 5TH
Louisville Bats batting - Pitching for Iowa Cubs : RHP Sergio Galván
Batting: LHB António Ceras 0-0: Swinging Strike
0-1: Ball
1-1: Called Strike
1-2: Foul Ball, location: 3DF
1-2: SINGLE (Line Drive, 5D, EV 66.3 MPH)
Batting: RHB Kurt Warren 0-0: SINGLE (Groundball, 34, EV 80.0 MPH)
António Ceras to second
Runner from 2nd tries for 3rd, SAFE, throw by RF made to third
Batting: RHB Dan Payne 0-0: Ball
1-0: Ball
2-0: Ball
3-0: Called Strike
3-1: Base on Balls
Kurt Warren to second
Batting: RHB Mike Stevenson 0-0: Swinging Strike
0-1: Swinging Strike
0-2: Ball
1-2: Ball
2-2: Strikes out looking
Batting: RHB Mauro Navarro 0-0: Ball
1-0: Ball
2-0: Ball
3-0: Called Strike
3-1: Base on Balls
António Ceras scores
Kurt Warren to third
Dan Payne to second
Batting: RHB Itocravo Affra 0-0: Called Strike
0-1: Called Strike
0-2: Grounds into fielders choice 6-2 (Groundball, 6, EV 81.9 MPH)
Dan Payne to third
Mauro Navarro to second
Batting: LHB Raúl Campos 0-0: Called Strike
0-1: Swinging Strike
0-2: Ball
1-2: SINGLE (Groundball, 4MS, EV 71.3 MPH) (infield hit)
Dan Payne scores
Mauro Navarro to third
Itocravo Affra to second
Batting: RHB Eric Brooks 0-0: Fly out, F5 (Popup, 5S, EV 68.8 MPH)
Bottom of the 5th over - 2 runs, 3 hits, 0 errors, 3 left on base; Iowa 0 - Louisville 2
TOP OF THE 6TH
Iowa Cubs batting - Pitching for Louisville Bats : RHP Lynwood Rogers
Batting: RHB Wilson Díaz 0-0: Foul Ball, location: 2F
0-1: Ball
1-1: Swinging Strike
1-2: Strikes out swinging
Batting: RHB Donmaz Chavchavadze 0-0: Called Strike
0-1: Fly out, F3 (Line Drive, 34, EV 65.6 MPH)
Batting: RHB Víctor Aquino 0-0: Reached on error, E5 (Groundball, 5L, EV 85.6 MPH)
Batting: LHB Joe Walter 0-0: Ball
1-0: Called Strike
1-1: Foul Ball, location: 2RF
1-2: Foul Ball, location: 2F
1-2: Ball
2-2: SINGLE (Line Drive, 8RS, EV 110.6 MPH)
Víctor Aquino to second
Batting: RHB José Féliz 0-0: Ball
1-0: Fly out, F8 (Flyball, 8RM, EV 87.5 MPH)
Top of the 6th over - 0 runs, 1 hit, 1 error, 2 left on base; Iowa 0 - Louisville 2
BOTTOM OF THE 6TH
Louisville Bats batting - Pitching for Iowa Cubs : RHP Sergio Galván
Batting: RHB José Cherino 0-0: Fly out, F3 (Popup, 3F, EV 61.3 MPH)
Batting: LHB António Ceras 0-0: Ground out 4-3 (Groundball, 4, EV 79.4 MPH)
Batting: RHB Kurt Warren 0-0: Called Strike
0-1: Ground out 5-3 (Groundball, 5S, EV 71.3 MPH)
Bottom of the 6th over - 0 runs, 0 hits, 0 errors, 0 left on base; Iowa 0 - Louisville 2
TOP OF THE 7TH
Iowa Cubs batting - Pitching for Louisville Bats : RHP Lynwood Rogers
Batting: LHB Raúl Soto 0-0: Ball
1-0: Called Strike
1-1: Foul Ball, location: 2F
1-2: Strikes out swinging
Batting: RHB Tony Aguirre 0-0: Ground out 5-3 (Groundball, 56, EV 103.8 MPH)
Batting: RHB Jimmy Shaw 0-0: Ball
1-0: Swinging Strike
1-1: Swinging Strike
1-2: Ground out U3 (Groundball, 3S, EV 81.9 MPH)
Top of the 7th over - 0 runs, 0 hits, 0 errors, 0 left on base; Iowa 0 - Louisville 2
BOTTOM OF THE 7TH
Louisville Bats batting - Pitching for Iowa Cubs : RHP Sergio Galván
Batting: RHB Dan Payne 0-0: Ball
1-0: Ball
2-0: SINGLE (Groundball, 56S, EV 93.8 MPH)
Batting: RHB Mike Stevenson 0-0: Sac Bunt to 15S - play at first, batter OUT! 1-3
Dan Payne to second
Batting: RHB Mauro Navarro 0-0: Ball
1-0: Ball
2-0: Called Strike
2-1: Foul Ball, location: 9LDF
2-2: Ball
3-2: Ground out 5-3 (Groundball, 56S, EV 81.9 MPH)
Batting: RHB Itocravo Affra 0-0: Swinging Strike
0-1: Foul Ball, location: 25F
0-2: Ball
1-2: Ball
2-2: Ball
3-2: Fly out, F9 (Line Drive, 9S, EV 90.0 MPH)
Bottom of the 7th over - 0 runs, 1 hit, 0 errors, 1 left on base; Iowa 0 - Louisville 2
TOP OF THE 8TH
Iowa Cubs batting - Pitching for Louisville Bats : RHP Lynwood Rogers
Batting: RHB Charlie Roe 0-0: Called Strike
0-1: Ball
1-1: Ball
2-1: Ground out 6-3 (Groundball, 6, EV 103.1 MPH)
Batting: RHB Wilson Díaz 0-0: Ball
1-0: Foul Ball, location: 9LSF
1-1: Ground out 6-3 (Groundball, 6, EV 92.5 MPH)
Batting: RHB Donmaz Chavchavadze 0-0: Called Strike
0-1: Ball
1-1: Ball
2-1: Ball
3-1: Fly out, F3 (Popup, 34, EV 74.4 MPH)
Top of the 8th over - 0 runs, 0 hits, 0 errors, 0 left on base; Iowa 0 - Louisville 2
BOTTOM OF THE 8TH
Louisville Bats batting - Pitching for Iowa Cubs : RHP Sergio Galván
Batting: LHB Raúl Campos 0-0: Ball
1-0: Foul Ball, location: 2F
1-1: Swinging Strike
1-2: Strikes out swinging
Batting: RHB Eric Brooks 0-0: Ball
1-0: DOUBLE (Groundball, 5L, EV 101.3 MPH)
Pitching: RHP Luis Alonso
Batting: RHB José Cherino 0-0: Called Strike
0-1: Ball
1-1: Foul Ball, location: 9LDF
1-2: Ball
2-2: Strikes out looking
Batting: LHB António Ceras 0-0: Ground out 5-3 (Groundball, 56, EV 84.4 MPH)
Bottom of the 8th over - 0 runs, 1 hit, 0 errors, 1 left on base; Iowa 0 - Louisville 2
TOP OF THE 9TH
Iowa Cubs batting - Pitching for Louisville Bats : RHP Lynwood Rogers
Pitching: LHP Jonathan Pryor
Now at 2B: António Ceras
Now at 3B: Itocravo Affra
Now at SS: Doug Harrington
Batting: RHB Víctor Aquino 0-0: SINGLE (Groundball, 4MD, EV 95.6 MPH)
Batting: RHB José Rosário 0-0: 2-RUN HOME RUN (Flyball, 8LXD, EV 101.3 MPH), Distance : 428 ft
Batting: RHB José Féliz 0-0: Foul Ball, location: 5SF
0-1: Fly out, F9 (Flyball, 9S, EV 81.9 MPH)
Pinch Hitting: RHB Teddy Salas 0-0: Ball
1-0: Ball
2-0: Called Strike
2-1: Foul Ball, location: 3SF
2-2: DOUBLE (Flyball, 89XD, EV 90.6 MPH)
Batting: RHB Tony Aguirre 0-0: Intentional Walk
Pinch Runner at 2nd Stan West:
Batting: RHB Jimmy Shaw 0-0: Ball
1-0: Swinging Strike
1-1: 3-RUN HOME RUN (Flyball, 7D, EV 97.5 MPH), Distance : 395 ft
Pitching: RHP José Pérez
Batting: RHB Charlie Roe 0-0: Ball
1-0: Foul Ball, location: 3DF
1-1: Ball
2-1: Called Strike
2-2: Ball
3-2: Fly out, F8 (Flyball, 8LXD, EV 98.1 MPH)
Batting: RHB Wilson Díaz 0-0: Ball
1-0: Foul Ball, location: 2F
1-1: Called Strike
1-2: Ball
2-2: Ground out 6-3 (Groundball, 6, EV 109.4 MPH)
Top of the 9th over - 5 runs, 4 hits, 0 errors, 0 left on base; Iowa 5 - Louisville 2
BOTTOM OF THE 9TH
Louisville Bats batting - Pitching for Iowa Cubs : RHP Luis Alonso
Pitching: RHP Mike Harris
Now at 2B: Doug Conway
Now in RF: Chris King
Batting: RHB Kurt Warren 0-0: Ground out 6-3 (Groundball, 6, EV 89.4 MPH)
Pinch Hitting: LHB Héctor Arreola 0-0: Called Strike
0-1: Swinging Strike
0-2: Strikes out looking
Pinch Hitting: RHB José Montoya 0-0: Swinging Strike
0-1: Ball
1-1: Foul Ball, location: 9LSF
1-2: Ball
2-2: Strikes out swinging
Bottom of the 9th over - 0 runs, 0 hits, 0 errors, 0 left on base; Iowa 5 - Louisville 2
Monday, April 1st , 2024 - OOTP Baseball 24.10 Build 82